 Dungeon Crawl Stone Soup version 0.26.0-10-g1f06aea511 (webtiles) character file.

Game seed: 9093406807393840565

124 Dracia the Poker (level 4, -2/36 HPs)
             Began as a Demonspawn Monk on Jan 16, 2021.
             Slain by an ogre
             ... wielding a +0 giant spiked club
              (17 damage)
             ... on level 3 of the Dungeon.
             The game lasted 00:04:45 (3005 turns).

Dracia the Poker (Demonspawn Monk)                  Turns: 3005, Time: 00:04:45

Health: -2/36      AC:  6    Str: 12    XL:     4   Next: 81%
Magic:  4/4        EV: 11    Int: 12    God:
Gold:   178        SH:  0    Dex: 15    Spells: 3/3 levels left

rFire    . . .     SeeInvis .   a - +0 spear
rCold    . . .     Faith    .   (no shield)
rNeg     . . .     Spirit   .   g - +0 ring mail
rPois    .         Reflect  .   (no helmet)
rElec    .         Harm     .   (no cloak)
rCorr    .         Rampage  .   (no gloves)
Will     .....                  (no boots)
Stlth    +.........             (no amulet)
HPRegen  0.12/turn              (no ring)
MPRegen  0.09/turn              (no ring)

@: no status effects
A: rugged brown scales 1, powered by pain 1
a: no special abilities


You were on level 3 of the Dungeon.
You visited 1 branch of the dungeon, and saw 3 of its levels.

You collected 178 gold pieces.


Innate Abilities, Weirdness & Mutations

You are partially covered in rugged brown scales. (AC +1, +3% HP)
You sometimes gain a little power by taking damage.


   Skills:
 + Level 3.5 Fighting
 * Level 4.8 Polearms
 - Level 2.6 Dodging
 - Level 1.7 Stealth


You had 3 spell levels left.
You didn't know any spells.
Your spell library was empty.

Inventory:

Hand Weapons
 a - a +0 spear (weapon)
Missiles
 d - 3 datura-tipped darts (quivered)
 n - 16 sling bullets
 q - 14 poisoned darts
Armour
 b - a +0 robe
 g - a +0 ring mail (worn)
Jewellery
 c - an uncursed amulet of magic regeneration {unknown}
Scrolls
 e - 4 scrolls of identify {unknown}
 f - 5 scrolls of teleportation {unknown}
 i - a scroll of enchant armour {unknown}
 j - 3 scrolls of immolation {unknown}
 k - a scroll of blinking {unknown}
 l - a scroll of magic mapping {unknown}
 m - a scroll of enchant weapon {unknown}
 p - 3 scrolls of remove curse {unknown}
 r - a scroll of random uselessness {unknown}
Potions
 h - 2 potions of might
 o - 2 potions of curing {unknown}

Dungeon Overview and Level Annotations

Branches:
Dungeon (3/15)

Altars:
Hepliaklqana
Vehumet

. #.#####.# #.##
..#####.#####.#.#
.. ##.##
)................
.# #....
.............##.#
.# #....
.............##.#
.######.
#............##.#
..#.. ##
#######'#######.#
..' #
#.#######.###)# #
###...@Og.....)(#
#
#..........#.####
# #..........#.# #
#..........#.# #
#............#####
#
####.............#
# #.............#
# #.....†.......#
# #.............#


You could see an ogre and a neutral goblin (fast, strong, insane).


Message History

You hit the goblin.
You kill the goblin!
Throw: 5 darts (datura)
Press: ? - help, Q - select action, (/) - cycle Shift-Dir - straight line, f - ogre
Aim: an ogre, wielding a +0 giant spiked club (chance to frenzy on hit: 41%)
You throw a datura-tipped dart. The datura-tipped dart hits the ogre.
The ogre resists.
The ogre hits you with a +0 giant spiked club!
* * * LOW HITPOINT WARNING * * *
Throw: 4 darts (datura)
Press: ? - help, Q - select action, (/) - cycle Shift-Dir - straight line, f/p - ogre
Aim: an ogre, wielding a +0 giant spiked club (chance to frenzy on hit: 41%)
You throw a datura-tipped dart.
The datura-tipped dart barely misses the ogre.
The datura-tipped dart hits the goblin.
The goblin flies into a frenzy!
The goblin hits the ogre.
The goblin hits the goblin.
The goblin dies!
The goblin hits the ogre but does no damage.
The goblin hits the ogre.
The goblin hits the ogre.
You hit the ogre.
The ogre is heavily wounded.
The ogre closely misses you.
The goblin hits the ogre.
The goblin barely misses the ogre.
The goblin hits the ogre.
You hit the ogre.
The ogre is severely wounded.
The goblin shouts!
The ogre hits you with a +0 giant spiked club!
You die...

Skill      XL: |  1  2  3 |
---------------+----------+-----
Polearms       | 3 4 |  4.8
Fighting       | |  3.5
Dodging        | |  2.6
Stealth        | |  1.7

Action                   |  1- 3 |  4- 6 || total
-------------------------+-------+-------++-------
Melee: Spear             |   180 |   126 ||   306
Throw: Dart              |       |     2 ||     2
 Stab: Sleeping          |     4 |     5 ||     9
Armor: Robe              |     4 |       ||     4
       Ring mail         |    32 |    34 ||    66
Dodge: Dodged            |    56 |    52 ||   108

Levels and vault maps discovered:
D:1:      minmay_arrival_loop, layout_rooms
D:2:      layout_basic
D:3:      layout_basic, general_overflow_altar, lemuel_doored_altar,
          minmay_ogre_servants

Notes
Turn   | Place    | Note
-------+----------+-------------------------------------------
     0 | D:1      | Dracia the Demonspawn Monk began the quest for the Orb.
     0 | D:1      | Reached XP level 1. HP: 18/18 MP: 1/1
    49 | D:1      | Reached skill level 3 in Polearms
   160 | D:1      | Gained mutation: You are partially covered in rugged brown
                  | scales. (AC +1, +3% HP) [demonic ancestry]
   160 | D:1      | Reached XP level 2. HP: 18/24 MP: 2/2
   840 | D:1      | Reached XP level 3. HP: 29/29 MP: 3/3
   876 | D:1      | Reached skill level 4 in Polearms
  2023 | D:2      | Gained mutation: You sometimes gain a little power by
                  | taking damage. [demonic ancestry]
  2023 | D:2      | Reached XP level 4. HP: 33/36 MP: 4/4
  2589 | D:3      | Found a radiant altar of Vehumet.
  2689 | D:3      | Found a hazy altar of Hepliaklqana.
  2974 | D:3      | Noticed an ogre
  3005 | D:3      | Slain by an ogre

Vanquished Creatures
  3 adders
  A worm (D:2)
  6 dart slugs
  A leopard gecko (D:1)
  4 orcs (D:3)
  9 bats
  4 giant cockroaches
  15 goblins
  7 hobgoblins
  2 jackals (D:2)
  8 kobolds
  A quokka (D:2)
  4 frilled lizards
  5 rats
70 creatures vanquished.

Vanquished Creatures (collateral kills)
  A goblin (D:3)
1 creature vanquished.

Grand Total: 71 creatures vanquished

Table legend: (Time is in decaauts)
 A = Elapsed time spent in this place.
 B = Non-inter-level travel time spent in this place.
 C = Inter-level travel time spent in this place.
 D = Time resting spent in this place.
 E = Time spent auto-exploring this place.
 F = Levels seen in this place.
 G = Mean time per level.
                   A        B        C        D        E       F      G
               +--------+--------+--------+--------+--------+-----+--------+
         Total |   2973 |   2931 |     42 |    221 |   2233 |   3 |  991.0 |
       Dungeon |   2973 |   2931 |     42 |    221 |   2233 |   3 |  991.0 |
               +--------+--------+--------+--------+--------+-----+--------+

Top non-repeatable levels by time:
     D:2: 1288 daAuts
     D:1: 1051 daAuts
     D:3: 633 daAuts

Table legend:
 A = Non-vault XP
 B = Vault XP
 C = Vault XP percentage of total XP
 D = Non-vault monster count
 E = Vault monster count
 F = Vault count percentage of total count
                 A         B        C        D         E       F
            +---------+---------+-------+---------+---------+-------
      Total |     165 |      13 |   7.3 |      64 |       7 |   9.9
            +---------+---------+-------+---------+---------+-------
        D:1 |      54 |       0 |   0.0 |      26 |       0 |   0.0
        D:2 |      60 |       0 |   0.0 |      18 |       0 |   0.0
        D:3 |      51 |      13 |  20.3 |      20 |       7 |  25.9
            +---------+---------+-------+---------+---------+-------
